 Dungeon Crawl Stone Soup version 0.16.0 (webtiles) character file.

485 Fiveotanaka the Grappler (level 6, -1/59 HPs)
             Began as a Troll Monk on Mar 23, 2015.
             Slain by Blork the orc
             ... wielding a +0 dire flail of protection
              (11 damage)
             ... on level 8 of the Dungeon.
             The game lasted 00:03:09 (1087 turns).

Fiveotanaka the Grappler (Troll Monk)               Turns: 1087, Time: 00:03:09

Health: -1/59      AC:  5    Str: 20    XL:     6   Next: 88%
Magic:  3/3        EV: 10    Int:  6    God:
Gold:   91         SH:  0    Dex: 14    Spells: 0 memorised, 5 levels left

rFire  . . .     SeeInvis .       - Unarmed
rCold  . . .     Clarity  .     a - +0 robe
rNeg   + . .     SustAb   .     (shield restricted)
rPois  .         Gourm    +     (helmet restricted)
rElec  .         Spirit   .     (no cloak)
rCorr  .         Warding  .     (gloves unavailable)
rMut   .         Stasis   .     (boots unavailable)
MR     .....                    (no amulet)
Stlth  ++........               (no ring)
                                e - ring of positive energy

@: not resistant to hostile enchantments, unstealthy
A: unfitting armour, claws 3, fast metabolism 3, gourmand, regeneration 2,
shaggy fur 1, tough skin 2
a: no special abilities


You were on level 8 of the Dungeon.
You were very full.

You visited 1 branch of the dungeon, and saw 8 of its levels.

You collected 91 gold pieces.

Inventory:

Armour
 a - a +0 robe (worn)
Jewellery
 e - a ring of positive energy (left claw)
Scrolls
 d - a scroll of remove curse {unknown}
 h - a scroll of teleportation {unknown}
 j - a scroll of amnesia {unknown}
 k - a scroll of recharging {unknown}
 m - 4 scrolls of identify {unknown}
Potions
 f - 2 potions of heal wounds {unknown}
 g - a potion of berserk rage {unknown}
 l - 2 potions of invisibility {unknown}
 n - a potion of might {unknown}
 o - a potion of restore abilities {unknown}
 p - a potion of magic {unknown}
 q - a potion of flight {unknown}
Comestibles
 b - 2 meat rations
 c - 2 fruits
 i - 2 chunks of flesh


   Skills:
 - Level 2.4 Fighting
 - Level 2.4 Dodging
 - Level 1.1 Stealth
 + Level 8.3 Unarmed Combat


You had 5 spell levels left.
You didn't know any spells.

Dungeon Overview and Level Annotations

Branches:
Dungeon (8/15)             Temple (0/1) D:4
   Lair: D:8-11

Altars:

Annotations:
D:8 Blork the orc


Innate Abilities, Weirdness & Mutations

You are too large for most types of armour.
You have claws for hands.
Your metabolism is lightning-fast.
You like to eat raw meat.
You heal very quickly.
You are covered in fur (AC +1).
You have very tough skin (AC +2).


Message History

No target in view!
You barely miss something.
You hear some strange, mumbled words.
The puff of frost hits you!
You claw something!!
A bat comes into view.
You barely miss something. Something hits you but does no damage.
You barely miss something. Something hits you! Something hits you.
You closely miss something. Something hits you.
The bat hits you but does no damage.
You completely miss something. The bat barely misses you. Something hits you.
You closely miss something. The bat hits you. Something hits you.
You closely miss something. The bat hits you but does no damage.
Something hits you!
* * * LOW HITPOINT WARNING * * *
You closely miss something. The bat hits you but does no damage.
Something hits you.
* * * LOW HITPOINT WARNING * * *
You barely miss something. Something hits you!
You die...

. ## ..#< #. ....
.###...###
#.......... #
#........
#.#......
##..).b)#
####.....@####.#
##..............#
#.......###.#####
#.......###.#
#...[...##..#
##.....#...##
####.<......###
#.[...†...###
#.........#


You could see a bat.

Vanquished Creatures
  An ice beast (D:7)
  A sky beast (D:4)
  A scorpion (D:8)
  2 orc wizards (D:7)
  2 worker ants (D:5)
  2 iguanas (D:5)
  Natasha (D:5)
  A hound skeleton (D:4)
  An adder (D:2)
  A worm (D:3)
  2 shadow imps
  An orc zombie (D:7)
  2 giant geckos
  An ooze (D:1)
  7 orcs
  3 bats
  A bat zombie (D:5)
  2 goblins
  6 hobgoblins
  A quokka (D:4)
  A giant newt (D:1)
  A goblin zombie (D:7)
  4 jackals (D:5)
  2 kobolds
  3 rats
50 creatures vanquished.

Notes
Turn   | Place    | Note
--------------------------------------------------------------
     0 | D:1      | Fiveotanaka, the Troll Monk, began the quest for the Orb.
     0 | D:1      | Reached XP level 1. HP: 22/22 MP: 1/1
    98 | D:2      | Reached XP level 2. HP: 29/29 MP: 1/1
   187 | D:3      | Reached skill level 5 in Unarmed Combat
   187 | D:3      | Reached XP level 3. HP: 27/36 MP: 2/2
   232 | D:4      | Found a staircase to the Ecumenical Temple.
   232 | D:4      | Noticed a sky beast
   239 | D:4      | Killed a sky beast
   239 | D:4      | Reached skill level 6 in Unarmed Combat
   239 | D:4      | Reached XP level 4. HP: 34/44 MP: 2/2
   485 | D:5      | Entered Level 5 of the Dungeon
   500 | D:5      | Noticed Natasha
   501 | D:5      | Reached XP level 5. HP: 50/50 MP: 2/2
   503 | D:5      | Killed Natasha
   673 | D:5      | Reached skill level 7 in Unarmed Combat
   869 | D:5      | Reached XP level 6. HP: 59/59 MP: 3/3
   929 | D:7      | Reached skill level 8 in Unarmed Combat
  1071 | D:8      | Noticed Blork the orc
  1087 | D:8      | Slain by Blork the orc

Action                   |  1- 3 |  4- 6 || total
-------------------------+-------+-------++-------
Melee: Unarmed           |    42 |    94 ||   136
 Stab: Sleeping          |       |     2 ||     2
  Eat: Chunk             |     4 |    11 ||    15
